 Dungeon Crawl Stone Soup version 0.32-a0-841-g4648e6c457 (webtiles) character file.

Game seed: 8829855154600880256

200 Dordric the Slasher (level 5, 0/38 HPs)
             Began as a Coglin Gladiator on Mar 27, 2024.
             Slain by a black bear (3 damage)
             ... on level 3 of the Dungeon.
             The game lasted 00:02:16 (2526 turns).

Dordric the Slasher (Coglin Gladiator)              Turns: 2526, Time: 00:02:17

Health: 0/38       AC:  7    Str: 15    XL:     5   Next: 78%
Magic:  5/5        EV: 10    Int:  7    God:
Gold:   243        SH:  0    Dex: 17    Spells: 4/4 levels left

rFire   . . .        a - +0 long sword {Joji}
rCold   . . .        f - +0 dagger {Zihan}
rNeg    . . .        r - +0 ring mail
rPois   .            c - +0 helmet
rElec   .            (no cloak)
rCorr   .            j - +0 pair of gloves
SInv    .            (no boots)
Will    .....        (amulet unavailable)
Stlth   +            (ring unavailable)
HPRegen 0.26/turn    (ring unavailable)
MPRegen 0.09/turn    (no gizmo)

%: no passive effects
@: revved
A: off-hand wielding, slow wielding, warmup strikes, no jewellery
a: Invent Gizmo


You were on level 3 of the Dungeon.
You visited 1 branch of the dungeon, and saw 4 of its levels.

You collected 243 gold pieces.

Inventory:

Hand Weapons
 a - a +0 long sword (weapon) {Joji}
 f - a +0 dagger (offhand) {Zihan}
Missiles
 d - 3 throwing nets (quivered)
 e - a javelin
Armour
 b - a +0 leather armour
 c - a +0 helmet (worn)
 j - a +0 pair of gloves (worn)
 r - a +0 ring mail (worn)
Scrolls
 l - a scroll of amnesia {unknown}
 m - a scroll of fog {unknown}
 o - a scroll of revelation {unknown}
 p - a scroll of enchant weapon {unknown}
 s - a scroll of torment {unknown}
 t - 5 scrolls of identify {unknown}
 v - a scroll of silence {unknown}
 w - a scroll of noise {unknown}
 x - a scroll of butterflies {unknown}
 y - a scroll of immolation {unknown}
 z - a scroll of enchant armour {unknown}
Potions
 g - a potion of enlightenment {unknown}
 h - 2 potions of brilliance {unknown}
 i - 2 potions of curing {unknown}
 k - a potion of degeneration {unknown}
 n - a potion of haste {unknown}
 q - 2 potions of attraction {unknown}
 u - a potion of lignification {unknown}
 A - 2 potions of ambrosia {unknown}


   Skills:
 - Level 2.0 Fighting
 + Level 6.3 Long Blades
 - Level 1.7 Throwing
 - Level 2.6 Dodging


You had 4 spell levels left.
You didn't know any spells.
Your spell library was empty.

Dungeon Overview and Level Annotations

Branches:
Dungeon (4/15)
 Temple: D:4-7

Altars:

Annotations:
D:4 Robin


Innate Abilities, Weirdness & Mutations

You can wield a second weapon in your off-hand.
It takes a long time for you to wield or remove held weapons.
Your first few attacks do less damage.
You cannot equip rings or amulets.


Message History

The black bear bites you.
The black bear claws you but does no damage.
The black bear claws you.
* * * LOW HITPOINT WARNING * * *
You hit the black bear but do no damage.
The black bear is lightly wounded.
You closely miss the black bear with your +0 long sword.
The black bear bites you.
* * * LOW HITPOINT WARNING * * *
The black bear claws you but does no damage.
The black bear closely misses you.
You barely miss the black bear with your +0 dagger.
The black bear is lightly wounded.
You barely miss the black bear with your +0 long sword.
The black bear barely misses you.
The black bear claws you but does no damage. x2
You hit the black bear with your +0 dagger.
The black bear is lightly wounded.
You closely miss the black bear with your +0 long sword.
The black bear bites you but does no damage.
The black bear barely misses you.
The black bear claws you but does no damage.
You hit the black bear with your +0 dagger.
The black bear is moderately wounded.
You slash the black bear with your +0 long sword!
You barely miss the black bear with your +0 dagger.
The black bear is severely wounded.
You barely miss the black bear with your +0 long sword.
The black bear bites you.
* * * LOW HITPOINT WARNING * * *
The black bear claws you.
* * * LOW HITPOINT WARNING * * *
The black bear claws you.
* * * LOW HITPOINT WARNING * * *
You hit the black bear but do no damage.
The black bear is severely wounded.
You completely miss the black bear with your +0 long sword.
The black bear bites you but does no damage.
The black bear claws you.
You die...

#.......# #..).#...#.#
#.......###
#.####..P#'#
#.........# #.# #...'..
#.......#.#### ####.#
##.P#..
#########....####....#
#..#.. ########
####......#### #..###
#......# #......# ####
#.####.# ##.....### #.#
#.# #.@h....# ##.# #.#
#######.# ...#
#.#############.#
#######.#...........#.#
........#.#######.....#
#..######.# #.#.###
#..# #.# #.#.# #..# #.#
#.#.# #..# #.# #.#.#


You could see a black bear.

Vanquished Creatures
  2 hounds (D:3)
  A sleepcap (D:4)
  An orc wizard (D:3)
  A gnoll (D:3)
  An adder (D:3)
  2 ribbon worms (D:3)
  2 dart slugs (D:1)
  3 orcs
  A bat (D:3)
  2 endoplasms
  2 giant cockroaches (D:3)
  8 goblins
  3 hobgoblins
  9 jackals (D:1)
  A quokka (D:3)
  4 ball pythons
  9 kobolds
  7 rats
59 creatures vanquished.

Notes
Turn   | Place    | Note
-------+----------+-------------------------------------------
     0 | D:1      | Dordric the Coglin Gladiator began the quest for the Orb.
     0 | D:1      | Reached XP level 1. HP: 16/16 MP: 1/1
   234 | D:1      | Reached XP level 2. HP: 20/22 MP: 2/2
   471 | D:1      | Reached skill level 4 in Long Blades
   479 | D:1      | Reached XP level 3. HP: 27/27 MP: 3/3
   753 | D:2      | You fall into a shaft and drop 1 floor!
  1131 | D:3      | Reached XP level 4. HP: 23/33 MP: 4/4
  1273 | D:3      | Reached skill level 5 in Long Blades
  2254 | D:3      | Reached XP level 5. HP: 13/38 MP: 5/5
  2260 | D:3      | Reached skill level 6 in Long Blades
  2415 | D:4      | Noticed Robin
  2498 | D:4      | Noticed a black bear
  2526 | D:3      | Slain by a black bear

Illustrated notes

Levels and vault maps discovered:
D:1:      onia_arrival_mini_maze, layout_rooms, corexii_leaking_fountain
D:2:      layout_basic, minmay_misc_feat_chi
D:3:      layout_basic, chequers_serial_rivers_micro_b, eino_tiny_chamber,
          minmay_misc_feat_tiny, cheibrodos_gnoll_hut
D:4:      layout_rooms, dreamdust_mushroom_princess, nicolae_shop_vocational,
          uniq_crazy_yiuf_cottage, uniq_edmund, uniq_robin, uniq_pikel

Skill      XL: |  1  2  3  4  5 |
---------------+----------------+-----
Long Blades    | 4 5 6 |  6.3
Fighting       | |  2.0
Throwing       | |  1.7
Dodging        | |  2.6

Action                     |  1- 3 |  4- 6 || total
---------------------------+-------+-------++-------
  Melee: Long sword        |    72 |    73 ||   145
         Dagger            |    67 |    65 ||   132
 Armour: Leather armour    |    28 |       ||    28
         Ring mail         |    30 |    78 ||   108
  Dodge: Dodged            |    58 |    38 ||    96

Table legend: (Time is in decaauts)
 A = Elapsed time spent in this place.
 B = Non-inter-level travel time spent in this place.
 C = Inter-level travel time spent in this place.
 D = Time resting spent in this place.
 E = Time spent auto-exploring this place.
 F = Levels seen in this place.
 G = Mean time per level.
                   A        B        C        D        E       F      G
               +--------+--------+--------+--------+--------+-----+--------+
         Total |   2529 |   2401 |    128 |      9 |   2015 |   4 |  632.2 |
       Dungeon |   2529 |   2401 |    128 |      9 |   2015 |   4 |  632.2 |
               +--------+--------+--------+--------+--------+-----+--------+

Top non-repeatable levels by time:
     D:3: 1032 daAuts
     D:2: 756 daAuts
     D:1: 695 daAuts
     D:4: 44 daAuts
